 Dungeon Crawl Stone Soup version 0.27-a0-1301-g128193abf8 (webtiles) character file.

Game seed: 5203672179526876703

69 flotson the Sneak (level 4, -2/35 HPs)
             Began as a Demonspawn Delver on June 17, 2021.
             Slain by Terence (7 damage)
             ... on level 2 of the Dungeon.
             The game lasted 00:02:55 (779 turns).

flotson the Sneak (Demonspawn Delver)                Turns: 779, Time: 00:02:55

Health: -2/35      AC:  3    Str: 13    XL:     4   Next: 2%
Magic:  4/4        EV: 12    Int: 18    God:
Gold:   32         SH:  0    Dex: 14    Spells: 3/3 levels left

rFire    . . .     SeeInvis .   a - +0 war axe
rCold    . . .     Faith    .   (no shield)
rNeg     . . .     Spirit   .   l - +0 leather armour
rPois    .         Reflect  .   (no helmet)
rElec    .         Harm     +   m - scarf {harm}
rCorr    .         Rampage  .   (no gloves)
Will     .....                  (no boots)
Stlth    ++........             (no amulet)
HPRegen  0.11/turn              k - +6 ring of intelligence
MPRegen  0.09/turn              (no ring)

@: hasted, very quick
A: powered by pain 1
a: no special abilities


You were on level 2 of the Dungeon.
You visited 1 branch of the dungeon, and saw 4 of its levels.

You collected 32 gold pieces.

Inventory:

Hand Weapons
 a - a +0 war axe (weapon)
 b - a +0 hunting sling
Missiles
 i - 28 sling bullets
Armour
 l - a +0 leather armour (worn)
 m - a scarf of harm (worn)
Jewellery
 k - a +6 ring of intelligence (left hand)
Wands
 e - a wand of flame (20)
 g - a wand of digging (3)
 j - a wand of iceblast (17)
Scrolls
 c - a scroll of fog
 d - a scroll of magic mapping
 h - a scroll of enchant weapon {unknown}
Potions
 f - a potion of haste


   Skills:
 + Level 3.5 Fighting
 + Level 2.4 Axes
 + Level 1.4 Armour
 + Level 2.3 Dodging
 - Level 4.5 Stealth
 + Level 0.4 Evocations


You had 3 spell levels left.
You didn't know any spells.
Your spell library was empty.

Dungeon Overview and Level Annotations

Branches:
Dungeon (5/15)
 Temple: D:4-7

Altars:

Shops:
D:5 !

Annotations:
D:2 Terence
D:4 1 runed translucent door, Crazy Yiuf


Innate Abilities, Weirdness & Mutations

You sometimes gain a little power by taking damage.


Message History

a - a +0 war axe (weapon)
You hit the adder.
You kill the adder!
You have reached level 4!
You feel clever.
You start putting on your armour.
You continue putting on your scarf of harm. x4
You finish putting on your scarf of harm.
b - a +0 hunting sling (weapon)
You shoot a sling bullet. The sling bullet barely misses Terence.
You shoot a sling bullet.
The sling bullet closely misses Terence.
a - a +0 war axe (weapon)
You completely miss Terence. Terence hits you with a +0 mace.
You hit Terence but do no damage. Terence barely misses you.
Terence hits you with a +0 mace!
You hit Terence.
Terence is moderately wounded.
Terence hits you but does no damage.
You barely miss Terence.
Terence is moderately wounded.
Terence hits you with a +0 mace!
You feel yourself speed up. Terence closely misses you.
You hit Terence.
Terence is severely wounded.
Terence misses you.
You barely miss Terence.
Terence is severely wounded.
Terence hits you with a +0 mace.
You hit Terence but do no damage.
Terence is severely wounded.
Terence hits you with a +0 mace!
* * * LOW HITPOINT WARNING * * *
You barely miss Terence.
Terence is severely wounded.
Terence barely misses you.
You hit Terence but do no damage.
Terence is severely wounded.
Terence hits you with a +0 mace.
You die...

##...>...####.#
####..(.........#####..
.....(.............$...
#..............####...
#....(.........# #.#.
#....(.$.......# #.#
#............#.####.#
#....†.....#........#
#...@....##........#.
#....@.....#........#.
#.............#...###.
#.............#....##.
...............##...(..
................##..##..
........................
...#...(........###...#.
.................†..


You could see Terence.

Vanquished Creatures
  An iguana (D:4)
  3 adders
  2 dart slugs
  2 ball pythons
  A bat (D:2)
  An endoplasm (D:2)
  A hobgoblin (D:4)
  3 quokkas
  A frilled lizard (D:2)
  A rat (D:3)
16 creatures vanquished.

Vanquished Creatures (others)
  3 fungi (D:4)
3 creatures vanquished.

Grand Total: 19 creatures vanquished

Notes
Turn   | Place    | Note
-------+----------+-------------------------------------------
     0 | D:5      | flotson the Demonspawn Delver began the quest for the Orb.
     0 | D:5      | Reached XP level 1. HP: 18/18 MP: 1/1
    95 | D:5      | Noticed a hound
   124 | D:5      | Noticed an iguana
   134 | D:5      | Found Hedam's Distillery.
   136 | D:5      | Noticed an ogre
   139 | D:5      | Noticed a hound
   197 | D:4      | Noticed an iguana
   199 | D:4      | Gained mutation: You sometimes gain a little power by
                  | taking damage. [demonic ancestry]
   199 | D:4      | Reached XP level 2. HP: 17/24 MP: 2/2
   203 | D:4      | Reached skill level 1 in Armour
   203 | D:4      | Reached XP level 3. HP: 16/29 MP: 3/3
   344 | D:4      | Found a runed translucent door.
   345 | D:4      | Noticed Crazy Yiuf
   449 | D:2      | Noticed Terence
   761 | D:2      | Reached XP level 4. HP: 34/35 MP: 4/4
   779 | D:2      | Slain by Terence

Illustrated notes

Levels and vault maps discovered:
D:2:      layout_rooms, uniq_sigmund, uniq_terence
D:3:      layout_basic, gammafunk_temple_overflow_claw,
          minmay_goblin_kobold_house
D:4:      layout_loops_ring, grunt_temple_overflow_open, corexii_corridor_pit,
          uniq_crazy_yiuf_cottage
D:5:      layout_loops_ring, serial_shops, nicolae_stop_n_shop_1,
          kennysheep_diamond

Skill      XL: |  1  2 |
---------------+-------+-----
Axes           | 2 |  2.4
Dodging        | 2 |  2.3
Armour         | 1 |  1.4
Fighting       | |  3.5
Stealth        | |  4.5
Evocations     | |  0.4

Action                   |  1- 3 |  4- 6 || total
-------------------------+-------+-------++-------
Melee: Hand axe          |    13 |       ||    13
       War axe           |    17 |     9 ||    26
 Fire: Hunting sling     |    16 |     2 ||    18
Evoke: Wand              |     2 |       ||     2
  Use: Scroll            |     1 |       ||     1
       Potion            |       |     1 ||     1
 Stab: Sleeping          |     1 |       ||     1
Armor: Leather armour    |     8 |     1 ||     9
Dodge: Dodged            |    23 |     4 ||    27

Table legend: (Time is in decaauts)
 A = Elapsed time spent in this place.
 B = Non-inter-level travel time spent in this place.
 C = Inter-level travel time spent in this place.
 D = Time resting spent in this place.
 E = Time spent auto-exploring this place.
 F = Levels seen in this place.
 G = Mean time per level.
                   A        B        C        D        E       F      G
               +--------+--------+--------+--------+--------+-----+--------+
         Total |    789 |    789 |      0 |      0 |    477 |   4 |  197.2 |
       Dungeon |    789 |    789 |      0 |      0 |    477 |   4 |  197.2 |
               +--------+--------+--------+--------+--------+-----+--------+

Top non-repeatable levels by time:
     D:2: 336 daAuts
     D:4: 236 daAuts
     D:5: 146 daAuts
     D:3: 70 daAuts
